AoeStats
← Malik Bhai

Arabian Desert

510441989Analyzed
1v1 RM · 2d ago on Oct 1, 2026· 17m 40s· 2 players
Game mode
Random Map
Map size
Tiny (2 player)
Population
200
Speed
Normal
Resources
Standard
Victory
Conquest
Starting age
Dark Age
Ending age
Imperial Age
RankedLock teamsTeams togetherTeam positionsShared explorationLock speedFull tech treeHidden civsTurbo modeCheats
Victory
Defeat
🇨🇴 Italians · Colombia
1699
+13
🇵🇰 Malay · Pakistan
1625
-13
Malik Bhai
7:26 Loom
9:34 Feudal Age
10:55 Double-Bit Axe
ELEG PropiaNea
5:23 Loom
8:43 Feudal Age
8:56 Man-at-Arms
10:52 Double-Bit Axe
14:04 Fletching
Connection lost

Rejoining the realm…

Still unreachable

The connection could not be restored.

Session expired

The server has moved on; the page needs a fresh start.